 Dungeon Crawl Stone Soup version 0.29.0-4-gdea44cf6ec (webtiles) character file.

Game seed: 12382827512978553317

21 qw the Chopper (level 2, 0/17 HPs)
             Began as a Tengu Warper on Aug 28, 2022.
             Succumbed to their own poison gas
             ... on level 1 of the Dungeon.
             The game lasted 00:00:05 (1149 turns).

qw the Chopper (Tengu Warper)                       Turns: 1149, Time: 00:00:05

Health: 0/17       AC: 10    Str: 11    XL:     2   Next: 83%
Magic:  6/6        EV:  2    Int: 13    God:
Gold:   81         SH:  0    Dex: 13    Spells: 5/5 levels left

rFire   . . .      SeeInvis .   Y - +0 hand axe
rCold   . . .      Faith    .   (no shield)
rNeg    . . .      Spirit   .   f - +0 plate armour
rPois   .          Reflect  .   (helmet restricted)
rElec   .          Harm     .   (no cloak)
rCorr   .          Rampage  .   (no gloves)
Will    .....                   (boots unavailable)
Stlth   ..........              (no amulet)
HPRegen 0.05/turn               (no ring)
MPRegen 0.10/turn               (no ring)

@: lethally poisoned (0 -> -8), weak-willed
A: beak, talons 3
a: no special abilities


You were on level 1 of the Dungeon.
You visited 1 branch of the dungeon, and saw 1 of its levels.

You collected 81 gold pieces.


Innate Abilities, Weirdness & Mutations

You have a beak for a mouth.
You have claws for feet.


   Skills:
 - Level 2.0 Fighting
 + Level 3.6 Axes
 - Level 1.0 Throwing
 - Level 1.1 Armour
 - Level 2.1 Dodging
 - Level 2.0 Spellcasting
 - Level 2.4 Translocations


You had 5 spell levels left.
You didn't know any spells.
Your spell library contained the following spells:

 Spells                   Type           Power      Damage    Failure   Level
 Blink                    Tloc           14%        N/A       100%        2
 Gell's Gravitas          Tloc           7%         N/A       100%        3
 Lesser Beckoning         Tloc           7%         N/A       100%        3
 Teleport Other           Tloc           7%         N/A       100%        3
 Manifold Assault         Tloc           7%         N/A       100%        5

Inventory:

Hand Weapons
 m - a +0 mace
 Y - a +0 hand axe (weapon)
Armour
 f - a +0 plate armour (worn)
Scrolls
 e - a scroll of identify
Potions
 k - a potion of flight {unknown}

Dungeon Overview and Level Annotations

Branches:
Dungeon (1/15)

Altars:


Message History

You start resting.
HP restored.
Done exploring.
1139 ||| READING scroll labelled XOIWUOFROI.
As you read the scroll labelled XOIWUOFROI, it crumbles to dust.
You feel strangely unstable.
It was a scroll of teleportation.
You start waiting.
Your surroundings suddenly seem different.
Done exploring.
1142 ||| READING scroll labelled ZAADOL IXZUTAN.
The air fills with toxic fumes!
As you read the scroll labelled ZAADOL IXZUTAN, it crumbles to dust.
It was a scroll of poison.
Done exploring.
1143 ||| READING scroll labelled SEUSE AMINGOSMO.
As you read the scroll labelled SEUSE AMINGOSMO, it crumbles to dust.
Magic quickly surges around you.
It was a scroll of vulnerability.
Done exploring.
1144 ||| DROPPING scroll of blinking.
You drop a scroll of blinking.
Done exploring.
(D) Dungeon
Where to? (* - list waypoints, ? - help)
What level of the Dungeon? (default 1, ? - help) Sorry, I don't know how to get there.
Done exploring.
1145 ||| Stepping randomly (stuck).
Really walk into that cloud of poison gas?
You are engulfed in poison gas.
You are lethally poisoned!
You feel very sick.
You see here a +0 spear.
1146 ||| Stepping ~*~*~tactically~*~*~ (cloud).
You feel very sick.
You see here a scroll of blinking.
There is a lethal amount of poison in your body!
You feel sick.
There is a lethal amount of poison in your body!
You feel sick.
There is a lethal amount of poison in your body!
You die...

## #.....#########.#.#.# .#
#####.....#########.#.#.#### .#
#>.......................... .#
#..........#.#.##.#.#.###### .#
###....####..#.#.............# .#
#......# #..#.#..#.#.#.####.# .#
#......####¤.#....#.#.#.# #.# ##
#......0¤##¤¤###0##¤#.#.# #.# #
#......0¤¤¤00@¤¤0¤00#.#.# #.# #
##.....##¤#¤¤¤¤##¤####.#.####)# #
#.%....##.#¤0¤¤........#.......
###.#######0¤¤¤¤¤#.############.#
..#.# #####000...............%
#...######...¤¤0¤..############.#
#........##~0¤#+¤....# #.......
###......#.¤0¤.#0#.#.# #.###...
#......~.....~.#.#.# #.# #...


There were no monsters in sight!

Vanquished Creatures
  2 endoplasms (D:1)
  A giant cockroach (D:1)
  2 goblins (D:1)
  2 hobgoblins (D:1)
  2 jackals (D:1)
  3 quokkas (D:1)
  A bat (D:1)
  A frilled lizard (D:1)
  2 kobolds (D:1)
  2 rats (D:1)
18 creatures vanquished.

Notes
Turn   | Place    | Note
-------+----------+-------------------------------------------
     0 | D:1      | qw the Tengu Warper began the quest for the Orb.
     0 | D:1      | Reached XP level 1. HP: 12/12 MP: 4/4
     0 | D:1      | 0 ||| qw: Version: 0.1-a-89-g26bdef1
     0 | D:1      | 0 ||| qw: Game counter: 422
     0 | D:1      | 0 ||| qw: Always use a shield: true
     0 | D:1      | 0 ||| qw: God list: Okawaru
     0 | D:1      | 0 ||| qw: Allow faded altars: false
     0 | D:1      | 0 ||| qw: Do Orc after D:15 true
     0 | D:1      | 0 ||| qw: Do second Lair branch before Depths: true
     0 | D:1      | 0 ||| qw: Lair rune preference: random
     0 | D:1      | 0 ||| qw: Plans: Normal
     0 | D:1      | 0 ||| PLANNING D:1-11
   134 | D:1      | Found a faded altar of an unknown god.
   223 | D:1      | Reached XP level 2. HP: 17/17 MP: 6/6
   260 | D:1      | Reached skill level 3 in Axes
   570 | D:1      | 570 ||| DROPPING +0 club.
   895 | D:1      | 895 ||| UPGRADING to +0 plate armour.
   905 | D:1      | 905 ||| DROPPING +0 leather armour.
   906 | D:1      | 906 ||| READING scroll labelled EHEGGO WOQOESH.
   907 | D:1      | 907 ||| READING 2 scrolls labelled ZULOAR ETIRPHAU.
   908 | D:1      | 908 ||| READING scroll labelled XUMOVA UQ WITS.
   909 | D:1      | 909 ||| READING scroll labelled GEDWEDGH SUORO.
  1010 | D:1      | 1010 ||| READING scroll labelled LODOZEMUSI.
  1139 | D:1      | 1139 ||| READING scroll labelled XOIWUOFROI.
  1142 | D:1      | 1142 ||| READING scroll labelled ZAADOL IXZUTAN.
  1143 | D:1      | 1143 ||| READING scroll labelled SEUSE AMINGOSMO.
  1144 | D:1      | 1144 ||| DROPPING scroll of blinking.
  1145 | D:1      | 1145 ||| Stepping randomly (stuck).
  1146 | D:1      | 1146 ||| Stepping ~*~*~tactically~*~*~ (cloud).
  1147 | D:1      | HP: 4/17 [poisoned by you (poison gas)]
  1149 | D:1      | Succumbed to their own poison gas

Levels and vault maps discovered:
D:1:      dpeg_arrival_rooms_with_view, layout_basic,
          hellmonk_ecumenical_altar_lost_god

Skill      XL: |  1  2 |
---------------+-------+-----
Axes           | 3 |  3.6
Fighting       | |  2.0
Throwing       | |  1.0
Armour         | |  1.1
Dodging        | |  2.1
Spellcasting   | |  2.0
Translocations | |  2.4

Action                   || total
-------------------------++-------
Melee: Hand axe          ||    25
       Kick              ||     8
       Peck              ||     2
Throw: Boomerang         ||     7
  Use: Scroll            ||     8
Armor: Leather armour    ||     3
Dodge: Dodged            ||     9

Table legend:
 A = Non-vault XP
 B = Vault XP
 C = Vault XP percentage of total XP
 D = Non-vault monster count
 E = Vault monster count
 F = Vault count percentage of total count
                 A         B        C        D         E       F
            +---------+---------+-------+---------+---------+-------
      Total |      27 |       3 |  10.0 |      16 |       2 |  11.1
            +---------+---------+-------+---------+---------+-------
        D:1 |      27 |       3 |  10.0 |      16 |       2 |  11.1
            +---------+---------+-------+---------+---------+-------
